Map: Dusk Towers

Players

BlackRa - Winner!

  • Race: Protoss Protoss
  • League: Grandmaster

xKawaiian

  • Race: Terran Terran
  • League: Master

VOD

Have the link to the VOD?

Description

Time

  • Played on: Jan. 16, 2016, 1:15 a.m.
  • Length: 10:35
Show
View Real Time Build Order
Export as new Build Order

BlackRa Protoss - Winner!

Build Orders: 1 Gate Expand, Oracle Opening 

Get SALT Encoding   

  12  0:01  Probe (Chrono Boost)  
  13  0:11  Probe (Chrono Boost)  
  14  0:17  Pylon  
  14  0:22  Probe (Chrono Boost)  
  15  0:36  Probe (Chrono Boost)  
  15  0:38  Gateway  
  16  0:46  Assimilator  
  16  0:47  Probe (Chrono Boost)  
  17  0:57  Probe (Chrono Boost)  
  18  1:08  Probe (Chrono Boost)  
  20  1:18  Probe (Chrono Boost)  
  20  1:26  Cybernetics Core  
  20  1:36  Nexus  
  20  1:42  Probe (Chrono Boost)  
  21  1:54  Probe (Chrono Boost)  
  21  1:57  Assimilator  
  21  1:58  Pylon  
  22  2:05  Probe (Chrono Boost)  
  23  2:11  Pylon  
  23  2:17  Adept, Warp Gate  
  23  2:20  Probe (Chrono Boost)  
  23  2:22  Assimilator  
  26  2:32  Probe (Chrono Boost)  
  27  2:38  Stargate  
  27  2:45  Probe (Chrono Boost)  
  27  2:49  Probe (Chrono Boost)  
  29  2:56  Probe (Chrono Boost)  
  30  3:00  Probe (Chrono Boost)  
  31  3:06  Probe (Chrono Boost)  
  31  3:10  Probe (Chrono Boost)  
  31  3:12  Pylon  
  35  3:20  Mothership Core (Chrono Boost)  
  35  3:21  Probe (Chrono Boost)  
  35  3:25  Oracle (Chrono Boost)  
  39  3:31  Probe  
  40  3:40  Probe  
  41  3:42  Probe  
  42  3:52  Probe x2  
  42  3:54  Fleet Beacon  
  44  4:03  Probe  
  44  4:04  Probe  
  46  4:14  Probe  
  46  4:16  Probe  
  48  4:28  Probe  
  48  4:29  Probe  
  48  4:31  Pylon  
  50  4:35  Assimilator  
  54  4:39  Tempest (Chrono Boost)  
  54  4:41  Gateway  
  54  4:45  Adept  
  54  4:49  Gateway  
  54  4:50  Probe  
  54  4:51  Gateway  
  54  4:52  Probe  
  57  4:57  Pylon  
  58  5:06  Probe  
  59  5:10  Probe  
  59  5:14  Nexus  
  60  5:16  Adept  
  60  5:18  Probe  
  60  5:20  Pylon  
  63  5:22  Pylon  
  63  5:24  Probe  
  63  5:27  Pylon  
  64  5:45  Probe, Adept  
  64  5:46  Adept  
  69  5:55  Probe  
  69  5:57  Robotics Facility  
  69  5:58  Gateway  
  69  6:00  Pylon  
  69  6:01  Gateway x2  
  68  6:18  Adept x4  
  76  6:31  Probe  
  76  6:32  Probe  
  76  6:39  Pylon x2  
  78  6:42  Pylon  
  78  6:44  Adept x3  
  78  6:45  Robotics Facility  
  84  6:48  Stalker  
  84  6:54  Observer, Pylon  
  87  6:57  Robotics Bay  
  87  7:01  Probe  
  87  7:03  Probe x2  
  85  7:08  Stalker x3  
  85  7:09  Stalker  
  85  7:13  Twilight Council  
  93  7:16  Stalker x2  
  93  7:18  Probe x2  
  99  7:25  Probe  
  99  7:26  Pylon  
  99  7:28  Sentry  
  99  7:29  Probe  
  102  7:33  Immortal (Chrono Boost), Observer (Chrono Boost)  
  108  7:42  Pylon  
  107  7:45  Pylon  
  107  7:47  Adept x2  
  107  7:48  Adept x2  
  107  7:50  Probe x2  
  107  7:51  Blink (Chrono Boost)  
  117  7:54  Assimilator  
  117  7:58  Templar Archives, Assimilator  
  117  8:07  Probe x2  
  119  8:16  Warp Prism (Chrono Boost)  
  119  8:17  Immortal (Chrono Boost)  
  122  8:23  Forge  
  122  8:26  Forge  
  122  8:34  High Templar  
  122  8:35  High Templar x5  
  122  8:37  Probe  
  122  8:38  Probe x2  
  122  8:39  Psionic Storm  
  137  8:57  Stalker  
  139  9:11  Adept  
  139  9:12  Adept x5  
  151  9:44  Nexus  
  151  9:53  Stalker x7  
  170  10:00  Observer  
  170  10:11  Archon  
  161  10:32  Stalker x6  
  161  10:33  Stalker  
Show
View Real Time Build Order
Export as new Build Order

xKawaiian Terran 

Build Orders: MMM Bio 

Get SALT Encoding   

  12  0:01  SCV  
  13  0:13  SCV  
  14  0:17  Supply Depot  
  14  0:25  SCV  
  15  0:39  SCV  
  15  0:42  Barracks  
  16  0:46  Refinery  
  16  0:51  SCV  
  17  1:03  SCV  
  18  1:15  SCV  
  19  1:28  Orbital Command  
  19  1:30  Barracks Reactor  
  19  1:40  Command Center  
  19  1:49  Supply Depot  
  19  1:50  Supply Depot  
  20  1:54  SCV  
  20  2:06  SCV, Marine x2  
  23  2:13  Barracks  
  23  2:19  Barracks  
  23  2:24  Marine  
  23  2:25  SCV  
  25  2:37  SCV, Factory  
  26  2:39  Marine  
  27  2:49  SCV  
  28  2:51  Orbital Command  
  28  2:58  Refinery  
  28  2:59  Marine x2  
  28  3:01  SCV  
  28  3:04  Barracks Tech Lab  
  32  3:13  SCV  
  32  3:17  Marine  
  32  3:18  SCV  
  35  3:24  Starport  
  35  3:25  SCV, Factory Reactor  
  35  3:29  Marine  
  35  3:30  SCV  
  37  3:34  Marine x3  
  37  3:37  SCV  
  41  3:42  SCV  
  41  3:45  Stimpack  
  41  3:47  Marine  
  43  3:51  SCV  
  43  3:52  Marine x2  
  43  3:54  Supply Depot  
  46  4:03  Marine  
  46  4:04  SCV  
  46  4:07  SCV  
  46  4:09  Supply Depot  
  49  4:12  Marine  
  49  4:14  Marine  
  49  4:15  Marine  
  49  4:16  SCV  
  52  4:22  Engineering Bay  
  50  4:30  Marine, Medivac x2  
  53  4:35  Marine x2  
  53  4:37  SCV  
  53  4:38  SCV  
  57  4:49  SCV, Missile Turret  
  57  4:50  SCV  
  57  4:52  Marine x2  
  60  4:59  Marine  
  62  5:01  Supply Depot, SCV  
  62  5:06  Marine  
  64  5:08  SCV  
  64  5:09  Marine  
  64  5:13  Missile Turret, Marine  
  67  5:17  Marine  
  67  5:19  Viking  
  70  5:22  Viking  
  70  5:24  Marine  
  70  5:27  Marine  
  74  5:31  SCV x2  
  76  5:36  Marine x2  
  76  5:42  Marine  
  78  5:43  SCV  
  78  5:45  Marine  
  78  5:49  Viking  
  82  5:53  Marine  
  82  5:54  Marine  
  84  6:02  SCV  
  85  6:06  Command Center  
  83  6:12  Medivac  
  81  6:20  Viking, Marine x2  
  84  6:26  SCV  
  84  6:27  SCV  
  86  6:43  Supply Depot  
  86  7:04  SCV x2, Medivac, Marine x2  
  92  7:09  Barracks Reactor  
  92  7:11  Barracks  
  92  7:13  Barracks  
  92  7:14  Supply Depot  
  92  7:15  Refinery  
  91  7:16  SCV x2, Refinery  
  93  7:28  SCV x2, Ghost Academy  
  95  7:30  Combat Shields  
  95  7:37  Factory Reactor  
  95  7:42  Orbital Command  
  95  7:44  Marine x2  
  96  7:45  SCV x2  
  96  7:51  Marine x2  
  101  7:57  Supply Depot x2  
  102  7:59  Barracks Tech Lab  
  102  8:00  Barracks Tech Lab  
  102  8:02  Ghost  
  102  8:04  Marine x2  
  105  8:09  SCV  
  105  8:11  Armory  
  106  8:14  Marine x2  
  106  8:19  Armory  
  108  8:22  Engineering Bay, Marine x2  
  108  8:23  Marine x2  
  108  8:24  Hellion  
  114  8:27  SCV x3  
  114  8:30  Marine  
  114  8:32  Refinery x2, Marine  
  114  8:33  Marine  
  120  8:35  Concussive Shells  
  120  8:39  SCV x2  
  120  8:40  Marine  
  123  8:45  Ghost  
  123  8:46  Marine x2  
  123  8:48  Marine, Medivac  
  129  8:49  Marine  
  129  8:50  Marine  
  132  8:56  Supply Depot  
  132  8:57  Supply Depot, SCV  
  132  9:02  Supply Depot  
  133  9:05  Supply Depot  
  133  9:10  Supply Depot  
  133  9:17  Medivac, Hellbat, Marine x3  
  133  9:18  Ghost  
  133  9:20  Hellbat  
  144  9:28  Ghost  
  144  9:29  Marine  
  144  9:30  Marine  
  148  9:33  Medivac  
  148  9:35  Marauder  
  148  9:37  SCV  
  153  9:47  Ghost, Marine  
  153  9:51  Marine, Medivac  
  159  9:53  SCV  
  159  9:54  SCV  
  159  9:56  Ghost  
  163  10:00  Ghost  
  163  10:01  Marine  
  163  10:04  Hellbat  
Tags
 
Add a new tag
Caveats
  • Supply blocks, unpowered buildings, or Contaminate may cause inaccurate times.
  • Supply counts are checked every 10 seconds.